3L
ROCKY MOUNTAIN NUGGETS @ OAKLAND OAKS
08/09/2033
 
TOP OF THE 1ST
Rocky Mountain Nuggets batting - Pitching for Oakland Oaks : RHP Panda Montana
Pitching: RHP Panda Montana
Batting: RHB Mike Case 0-0: Called Strike
0-1: Foul Ball, location: 2F
0-2: Ball
1-2: Ball
2-2: Foul Ball, location: 2F
2-2: Ball
3-2: Strikes out swinging
Batting: RHB Wrangler Haresnape 0-0: Called Strike
0-1: Foul Ball, location: 2F
0-2: Fly out, F9 (Line Drive, 9)
Batting: RHB Gabriel Maldonado 0-0: Called Strike
0-1: Ball
1-1: Foul Ball, location: 2F
1-2: Strikes out swinging, 2-3 out at first.
Top of the 1st over - 0 runs, 0 hits, 0 errors, 0 left on base; Rocky Mountain 0 - Oakland 0
BOTTOM OF THE 1ST
Oakland Oaks batting - Pitching for Rocky Mountain Nuggets : LHP Chet Saks
Pitching: LHP Chet Saks
Batting: RHB Yehonatan Chazan 0-0: Ground out 6-3 (Groundball, 6)
Batting: RHB Brandon Cole 0-0: Ball
1-0: Ball
2-0: Ball
3-0: Called Strike
3-1: Base on Balls
Batting: RHB Joseph Papasogli 0-0: Called Strike
0-1: Ball
1-1: Ball
2-1: Ground out 4-3 (Groundball, 4MD)
Brandon Cole to second
Batting: RHB Armando Rodríguez 0-0: Ball
1-0: Called Strike
1-1: Foul Ball, location: 2F
1-2: Ball
2-2: Fly out, F7 (Flyball, 7S)
Bottom of the 1st over - 0 runs, 0 hits, 0 errors, 1 left on base; Rocky Mountain 0 - Oakland 0
TOP OF THE 2ND
Rocky Mountain Nuggets batting - Pitching for Oakland Oaks : RHP Panda Montana
Batting: RHB Paco Muñóz 0-0: Ball
1-0: Swinging Strike
1-1: Called Strike
1-2: Ball
2-2: Foul Ball, location: 2F
2-2: Ball
3-2: Strikes out swinging
Batting: RHB Fernando Rivera 0-0: Called Strike
0-1: Ball
1-1: Ball
2-1: Ground out 4-3 (Groundball, 4M)
Batting: LHB Bartolo Benítez 0-0: Ball
1-0: Called Strike
1-1: Ball
2-1: Ball
3-1: Base on Balls
Batting: RHB Vincent Crane 0-0: Ball
1-0: DOUBLE (Line Drive, 7LM)
Bartolo Benítez to third
Runner from 3rd tries for Home, SAFE, no throw
Batting: RHB Jesús Ruano 0-0: Ground out 3-1 (Groundball, 34)
Top of the 2nd over - 1 run, 1 hit, 0 errors, 1 left on base; Rocky Mountain 1 - Oakland 0
BOTTOM OF THE 2ND
Oakland Oaks batting - Pitching for Rocky Mountain Nuggets : LHP Chet Saks
Batting: RHB Mike Wazowski 0-0: Ball
1-0: Called Strike
1-1: Ball
2-1: Ball
3-1: Base on Balls
Batting: SHB Luis Luquín 0-0: Foul Ball, location: 2F
0-1: Ball
1-1: Ball
2-1: Ball
3-1: Grounds into double play, 6-4-3 (Groundball, 56)
Batting: RHB Cristián Coronado 0-0: Fly out, F7 (Flyball, 7S)
Bottom of the 2nd over - 0 runs, 0 hits, 0 errors, 0 left on base; Rocky Mountain 1 - Oakland 0
TOP OF THE 3RD
Rocky Mountain Nuggets batting - Pitching for Oakland Oaks : RHP Panda Montana
Batting: LHB Datu Lesaca 0-0: Ball
1-0: Foul Ball, location: 2F
1-1: Called Strike
1-2: Fly out, F6 (Popup, 6M)
Batting: RHB Mike Case 0-0: Ball
1-0: Foul Ball, location: 2F
1-1: Ball
2-1: Swinging Strike
2-2: Strikes out swinging
Batting: RHB Wrangler Haresnape 0-0: Called Strike
0-1: Ball
1-1: Called Strike
1-2: Foul Ball, location: 2F
1-2: Ground out 4-3 (Groundball, 4M)
Top of the 3rd over - 0 runs, 0 hits, 0 errors, 0 left on base; Rocky Mountain 1 - Oakland 0
BOTTOM OF THE 3RD
Oakland Oaks batting - Pitching for Rocky Mountain Nuggets : LHP Chet Saks
Batting: RHB Randy Contreras 0-0: Ball
1-0: Ball
2-0: Ball
3-0: Base on Balls
Batting: RHB Colin O'Connell 0-0: Ball
1-0: Ball
Passed Ball!
Randy Contreras to second
2-0: Called Strike
2-1: Swinging Strike
2-2: Fly out, F8 (Flyball, 8LD)
Runner from 2nd tags up, SAFE at 3rd with throw
Batting: RHB Yehonatan Chazan 0-0: Ball
1-0: Called Strike
1-1: Ball
2-1: Ball
3-1: Base on Balls
Batting: RHB Brandon Cole 0-0: Called Strike
0-1: Called Strike
0-2: Ball
1-2: Ball
2-2: Strikes out swinging
Batting: RHB Joseph Papasogli 0-0: Foul Ball, location: 2F
0-1: Ground out 4-3 (Groundball, 4MS)
Bottom of the 3rd over - 0 runs, 0 hits, 0 errors, 2 left on base; Rocky Mountain 1 - Oakland 0
TOP OF THE 4TH
Rocky Mountain Nuggets batting - Pitching for Oakland Oaks : RHP Panda Montana
Batting: RHB Gabriel Maldonado 0-0: Ball
1-0: Foul Ball, location: 2F
1-1: Swinging Strike
1-2: Ground out 1-3 (Groundball, 13)
Batting: RHB Paco Muñóz 0-0: Foul Ball, location: 2F
0-1: Foul Ball, location: 2F
0-2: Ball
1-2: Foul Ball, location: 2F
1-2: Foul Ball, location: 2F
1-2: Ball
2-2: Foul Ball, location: 2F
2-2: Ball
3-2: Foul Ball, location: 2F
3-2: Fly out, F8 (Flyball, 8RXD)
Batting: RHB Fernando Rivera 0-0: SOLO HOME RUN (Flyball, 7LD), Distance : 356 ft
Batting: LHB Bartolo Benítez 0-0: Called Strike
0-1: Ball
1-1: Swinging Strike
1-2: Strikes out swinging
Top of the 4th over - 1 run, 1 hit, 0 errors, 0 left on base; Rocky Mountain 2 - Oakland 0
BOTTOM OF THE 4TH
Oakland Oaks batting - Pitching for Rocky Mountain Nuggets : LHP Chet Saks
Batting: RHB Armando Rodríguez 0-0: Foul Ball, location: 2F
0-1: Foul Ball, location: 2F
0-2: Foul Ball, location: 2F
0-2: Foul Ball, location: 2F
0-2: Ball
1-2: Ball
2-2: Foul Ball, location: 2F
2-2: Strikes out looking
Batting: RHB Mike Wazowski 0-0: Ball
1-0: Ball
2-0: Foul Ball, location: 2F
2-1: Called Strike
2-2: Ball
3-2: Foul Ball, location: 2F
3-2: Foul Ball, location: 2F
3-2: Foul Ball, location: 2F
3-2: Strikes out swinging
Batting: SHB Luis Luquín 0-0: Fly out, F7 (Flyball, 7LS)
Bottom of the 4th over - 0 runs, 0 hits, 0 errors, 0 left on base; Rocky Mountain 2 - Oakland 0
TOP OF THE 5TH
Rocky Mountain Nuggets batting - Pitching for Oakland Oaks : RHP Panda Montana
Batting: RHB Vincent Crane 0-0: Swinging Strike
0-1: Ball
1-1: Fly out, F8 (Line Drive, 8RD)
Batting: RHB Jesús Ruano 0-0: Foul Ball, location: 2F
0-1: Ball
1-1: Ball
2-1: Foul Ball, location: 2F
2-2: Strikes out looking
Batting: LHB Datu Lesaca 0-0: Called Strike
0-1: Foul Ball, location: 2F
0-2: Foul Ball, location: 2F
0-2: Ground out 4-3 (Groundball, 4M)
Top of the 5th over - 0 runs, 0 hits, 0 errors, 0 left on base; Rocky Mountain 2 - Oakland 0
BOTTOM OF THE 5TH
Oakland Oaks batting - Pitching for Rocky Mountain Nuggets : LHP Chet Saks
Batting: RHB Cristián Coronado 0-0: Ball
1-0: SINGLE (Groundball, 4MD)
Batting: RHB Randy Contreras 0-0: Ball
1-0: Ball
2-0: Foul Ball, location: 2F
2-1: Ball
3-1: Foul Ball, location: 2F
3-2: SINGLE (Groundball, 4MD)
Cristián Coronado to second
Cristián Coronado to third
Batting: RHB Colin O'Connell 0-0: Ball
Wild Pitch!
Cristián Coronado scores
Randy Contreras to second
1-0: Ground out 1-3 (Groundball, P)
Randy Contreras to third
Batting: RHB Yehonatan Chazan 0-0: Ball
1-0: Ball
2-0: Ball
3-0: Base on Balls
Batting: RHB Brandon Cole 0-0: Called Strike
Yehonatan Chazan steals 2nd base
0-1: Swinging Strike
0-2: Ball
1-2: Ball
2-2: Ground out 3-1 (Groundball, 34S)
Randy Contreras scores
Yehonatan Chazan to third
Batting: RHB Joseph Papasogli 0-0: Foul Ball, location: 2F
0-1: Foul Ball, location: 2F
0-2: Ball
1-2: Ball
2-2: Ground out 1-3 (Groundball, 13S)
Bottom of the 5th over - 2 runs, 2 hits, 0 errors, 1 left on base; Rocky Mountain 2 - Oakland 2
TOP OF THE 6TH
Rocky Mountain Nuggets batting - Pitching for Oakland Oaks : RHP Panda Montana
Batting: RHB Mike Case 0-0: Ground out 6-3 (Groundball, 6)
Batting: RHB Wrangler Haresnape 0-0: Foul Ball, location: 2F
0-1: Fly out, F8 (Line Drive, 8RS)
Batting: RHB Gabriel Maldonado 0-0: Called Strike
0-1: Foul Ball, location: 2F
0-2: Ball
1-2: Strikes out swinging
Top of the 6th over - 0 runs, 0 hits, 0 errors, 0 left on base; Rocky Mountain 2 - Oakland 2
BOTTOM OF THE 6TH
Oakland Oaks batting - Pitching for Rocky Mountain Nuggets : LHP Chet Saks
Batting: RHB Armando Rodríguez 0-0: Called Strike
0-1: Ball
1-1: Ground out 6-3 (Groundball, 56)
Pitching: RHP Fernando Varela
Batting: RHB Mike Wazowski 0-0: Swinging Strike
0-1: Fly out, F8 (Flyball, 8LD)
Batting: SHB Luis Luquín 0-0: Ground out 6-3 (Groundball, 6)
Bottom of the 6th over - 0 runs, 0 hits, 0 errors, 0 left on base; Rocky Mountain 2 - Oakland 2
TOP OF THE 7TH
Rocky Mountain Nuggets batting - Pitching for Oakland Oaks : RHP Panda Montana
Batting: RHB Paco Muñóz 0-0: Ball
1-0: Called Strike
1-1: Called Strike
1-2: Foul Ball, location: 2F
1-2: Foul Ball, location: 2F
1-2: Ball
2-2: Ball
3-2: SOLO HOME RUN (Flyball, 7LD), Distance : 370 ft
Batting: RHB Fernando Rivera 0-0: Ball
1-0: Foul Ball, location: 2F
1-1: Foul Ball, location: 2F
1-2: SINGLE (Flyball, 7LS)
Pitching: RHP Dave Stephenson
Batting: LHB Bartolo Benítez 0-0: Ball
1-0: Swinging Strike
1-1: Ball
2-1: SINGLE (Line Drive, 8LM)
Fernando Rivera to second
Batting: RHB Vincent Crane 0-0: Ball
1-0: Bunted foul
1-1: Bunted foul
1-2: Ball
2-2: Ball
3-2: SINGLE (Groundball, 6D)
Fernando Rivera to third
Bartolo Benítez to second
Batting: RHB Jesús Ruano 0-0: Called Strike
0-1: Ball
1-1: Ball
2-1: Called Strike
2-2: Strikes out swinging
Batting: LHB Datu Lesaca 0-0: Ball
1-0: Swinging Strike
1-1: Swinging Strike
1-2: Strikes out looking
Batting: RHB Mike Case 0-0: Called Strike
0-1: Swinging Strike
0-2: Strikes out swinging
Top of the 7th over - 1 run, 4 hits, 0 errors, 3 left on base; Rocky Mountain 3 - Oakland 2
BOTTOM OF THE 7TH
Oakland Oaks batting - Pitching for Rocky Mountain Nuggets : RHP Fernando Varela
Batting: RHB Cristián Coronado 0-0: SINGLE (Line Drive, 34D)
Pinch Hitting: LHB Ed Berry 0-0: Called Strike
0-1: Ball
1-1: Ball
2-1: Called Strike
2-2: Foul Ball, location: 2F
2-2: Foul Ball, location: 2F
2-2: Foul Ball, location: 2F
2-2: Foul Ball, location: 2F
2-2: Ball
3-2: Fly out, F9 (Line Drive, 9)
Batting: RHB Colin O'Connell 0-0: Ball
Cristián Coronado steals 2nd base
1-0: SINGLE (Line Drive, 6D)
Cristián Coronado to third
Batting: RHB Yehonatan Chazan 0-0: Foul Ball, location: 2F
0-1: Ball
1-1: Swinging Strike
1-2: Ball
2-2: Ball
3-2: Fielders Choice at 2nd, 6-4 (Groundball, 6)
Cristián Coronado scores
Batting: RHB Brandon Cole 0-0: Ball
1-0: Ball
2-0: Foul Ball, location: 2F
2-1: Ball
3-1: Reached on error, E4 (Groundball, 4)
Yehonatan Chazan to second
Batting: RHB Joseph Papasogli 0-0: Called Strike
0-1: Foul Ball, location: 2F
0-2: Ball
1-2: Ball
2-2: Fly out, F9 (Flyball, 89D)
Bottom of the 7th over - 1 run, 2 hits, 1 error, 2 left on base; Rocky Mountain 3 - Oakland 3
TOP OF THE 8TH
Rocky Mountain Nuggets batting - Pitching for Oakland Oaks : RHP Dave Stephenson
Now in LF: Ed Berry
Batting: RHB Wrangler Haresnape 0-0: Ball
1-0: Foul Ball, location: 2F
1-1: Ground out 5-3 (Groundball, 56)
Batting: RHB Gabriel Maldonado 0-0: Called Strike
0-1: Ball
1-1: Foul Ball, location: 2F
1-2: Foul Ball, location: 2F
1-2: Ball
2-2: Ground out 6-3 (Groundball, 6)
Batting: RHB Paco Muñóz 0-0: Called Strike
0-1: Ball
1-1: Foul Ball, location: 2F
1-2: Foul Ball, location: 2F
1-2: Foul Ball, location: 2F
1-2: Ball
2-2: Foul Ball, location: 2F
2-2: DOUBLE (Line Drive, 9LD)
Batting: RHB Fernando Rivera 0-0: Ball
1-0: Ball
2-0: Foul Ball, location: 2F
2-1: Hit by Pitch
Batting: LHB Bartolo Benítez 0-0: Ball
1-0: Foul Ball, location: 2F
1-1: Fly out, F7 (Flyball, 78M)
Top of the 8th over - 0 runs, 1 hit, 0 errors, 2 left on base; Rocky Mountain 3 - Oakland 3
BOTTOM OF THE 8TH
Oakland Oaks batting - Pitching for Rocky Mountain Nuggets : RHP Fernando Varela
Batting: RHB Armando Rodríguez 0-0: Ball
1-0: Foul Ball, location: 2F
1-1: Called Strike
1-2: Strikes out swinging
Batting: RHB Mike Wazowski 0-0: Ball
1-0: Called Strike
1-1: Ball
2-1: Swinging Strike
2-2: Ball
3-2: Strikes out swinging
Batting: SHB Luis Luquín 0-0: Called Strike
0-1: Foul Ball, location: 2F
0-2: Fly out, F8 (Flyball, 8LM)
Bottom of the 8th over - 0 runs, 0 hits, 0 errors, 0 left on base; Rocky Mountain 3 - Oakland 3
TOP OF THE 9TH
Rocky Mountain Nuggets batting - Pitching for Oakland Oaks : RHP Dave Stephenson
Batting: RHB Vincent Crane 0-0: Ball
1-0: Ball
2-0: Ball
3-0: Base on Balls
Batting: RHB Jesús Ruano 0-0: Ball
1-0: Sac Bunt - play at first, batter OUT! 5-4
Vincent Crane to second
Batting: LHB Datu Lesaca 0-0: Ball
1-0: Swinging Strike
1-1: Called Strike
1-2: Strikes out swinging
Batting: RHB Mike Case 0-0: Called Strike
0-1: Swinging Strike
0-2: Ball
1-2: Strikes out swinging passed ball, reaches first!
Vincent Crane to third
Batting: RHB Wrangler Haresnape 0-0: Ball
1-0: DOUBLE (Line Drive, 78D)
Vincent Crane scores
Mike Case to third
Runner from 3rd tries for Home, SAFE, no throw
Batting: RHB Gabriel Maldonado 0-0: Ball
1-0: Ball
Wild Pitch!
Wrangler Haresnape to third
2-0: Called Strike
2-1: Ball
3-1: Base on Balls
Batting: RHB Paco Muñóz 0-0: Ball
1-0: Ball
2-0: SINGLE (Groundball, 34D)
Wrangler Haresnape scores
Gabriel Maldonado to second
Runner from 2nd tries for 3rd, OUT!
Top of the 9th over - 3 runs, 2 hits, 0 errors, 1 left on base; Rocky Mountain 6 - Oakland 3
BOTTOM OF THE 9TH
Oakland Oaks batting - Pitching for Rocky Mountain Nuggets : RHP Fernando Varela
Pitching: RHP Jon King
Batting: RHB Cristián Coronado 0-0: Ball
1-0: Ball
2-0: Ball
3-0: Called Strike
3-1: Ground out U3 (Groundball, 3)
Batting: LHB Ed Berry 0-0: Called Strike
0-1: Foul Ball, location: 2F
0-2: Foul Ball, location: 2F
0-2: Ball
1-2: Foul Ball, location: 2F
1-2: SINGLE (Line Drive, 4M)
Batting: RHB Colin O'Connell 0-0: Ball
1-0: Called Strike
1-1: Ball
2-1: Foul Ball, location: 2F
2-2: Ball
3-2: Foul Ball, location: 2F
3-2: Base on Balls
Ed Berry to second
Batting: RHB Yehonatan Chazan 0-0: Called Strike
0-1: Foul Ball, location: 2F
0-2: Foul Ball, location: 2F
0-2: Strikes out swinging
Batting: RHB Brandon Cole 0-0: Called Strike
0-1: Ball
1-1: Foul Ball, location: 2F
1-2: Foul Ball, location: 2F
1-2: Ball
2-2: Strikes out swinging
Bottom of the 9th over - 0 runs, 1 hit, 0 errors, 2 left on base; Rocky Mountain 6 - Oakland 3
Saturday, December 22nd, 2018 - OOTP Baseball 18.8 Build 76